 Dungeon Crawl Stone Soup version 0.23.2-30-g0e89c35649 (webtiles) character file.

Game seed: 10619563748860385770

838 Revguard the Bolt Thrower (level 7, -12/61 HPs)
             Began as a Tengu Hunter on June 16, 2019.
             Killed by the air
             ... invoked by Pyrphoros's ghost
              (30 damage)
             ... on level 5 of the Dungeon.
             The game lasted 00:20:56 (5365 turns).

Revguard the Bolt Thrower (Tengu Hunter)            Turns: 5365, Time: 00:20:59

Health: -12/61     AC:  4    Str: 17    XL:     7   Next: 99%
Magic:  8/8        EV: 17    Int: 12    God:
Gold:   243        SH:  0    Dex: 16    Spells: 6/6 levels left

rFire    . . .     SeeInvis .   c - +0 rapier
rCold    + . .     Gourm    .   (no shield)
rNeg     . . .     Faith    .   w - +0 leather armour
rPois    .         Spirit   .   (helmet restricted)
rElec    .         Reflect  .   q - +0 cloak
rCorr    .         Harm     .   (no gloves)
MR       .....                  (boots unavailable)
Stlth    ..........             k - amulet of rage
HPRegen  0.20/turn              j - ring of protection from cold
MPRegen  0.11/turn              (no ring)

@: berserking, flying quickly and evasively, starving, very quick
A: beak, talons 3, able to fly
a: Stop Flying, Evoke Berserk Rage


You were on level 5 of the Dungeon.
You were starving.

You visited 1 branch of the dungeon, and saw 5 of its levels.

You collected 243 gold pieces.

Inventory:

Hand Weapons
 a - a +2 hand crossbow
 b - a +4 dagger
 c - a +0 rapier (weapon)
Missiles
 d - 22 bolts
Armour
 q - a +0 cloak (worn)
 w - a +0 leather armour (worn)
Jewellery
 j - a ring of protection from cold (left hand)
 k - an amulet of rage (around neck)
 y - an uncursed ring of flight
Wands
 i - a wand of paralysis (7)
 t - a wand of flame (19)
Scrolls
 e - 4 scrolls of remove curse
 n - 6 scrolls of teleportation {unknown}
 o - 6 scrolls of blinking {unknown}
 p - 2 scrolls of random uselessness {unknown}
 s - 4 scrolls of identify
 u - 3 scrolls of enchant armour {unknown}
 v - a scroll of immolation {unknown}
 x - 3 scrolls of magic mapping {unknown}
 A - 2 scrolls of fog {unknown}
Potions
 h - a potion of cancellation
 l - 2 potions of brilliance
 m - a potion of invisibility {unknown}
 r - a potion of curing
 B - a potion of ambrosia {unknown}
Comestibles
 f - 7 rations


   Skills:
 + Level 3.5 Fighting
 + Level 2.4 Short Blades
 + Level 7.3 Crossbows
 + Level 2.3 Armour
 * Level 4.3 Dodging
 * Level 3.9 Stealth


You had 6 spell levels left.
You didn't know any spells.
Your spell library was empty.

Dungeon Overview and Level Annotations

Branches:
Dungeon (5/15)
 Temple: D:4-7

Altars:
Okawaru
Qazlal
Sif Muna
Yredelemnul
The Shining One

Shops:
D:4 [

Annotations:
D:5 Pyrphoros's ghost, novice TeAE


Innate Abilities, Weirdness & Mutations

You have a beak for a mouth.
You have claws for feet.
You can fly continuously.


Message History

* * * LOW HITPOINT WARNING * * *
You feel much better.
The bullfrog hits you but does no damage.
You hit the bullfrog.
The bullfrog is severely wounded.
The bullfrog misses you. The bullfrog barely misses you.
You hit the bullfrog. Your kick misses the bullfrog.
You peck the bullfrog, but do no damage.
The bullfrog is severely wounded.
The bullfrog misses you.
Pyrphoros's ghost waves its arms in wide circles.
The air twists around and violently strikes you in flight!
* * * LOW HITPOINT WARNING * * *
A red film seems to cover your vision as you go berserk!
You feel yourself moving faster!
You feel mighty!
You are starving!
The bullfrog hits you but does no damage.
Pyrphoros's ghost waves its arms in wide circles.
The air twists around and violently strikes you in flight!
You die...

. #≈?≈#.........##.....## #. .
#≈≈≈#.##...##.#..(....## ##. .
#≈≈≈#.#....##..[.......####.. .
#≈≈≈#.........)........'.....
.####Ws≈#......##..........####..
....##'##..#.#S##.#.......## ##..
........#...).SSW........## #...
.....#....s..S.#F####...## #.##
..)..#####.#####@# ##..# #.#
.....# #...####.#####..# #.#
.....# #...........##..# #.#
.....# #...####.##.##..# #.#
#)#### ##### #........######.##
#)# #............##... #)#
#.##.....###.##### #.# #.##..#..#
#.##### ..# #.##..##.###......


You could see a bullfrog, Pyrphoros's ghost, an adder and a ball python.

Vanquished Creatures
  An ice beast (D:4)
  3 ogres
  2 hounds
  2 orc priests
  3 orc wizards
  2 worker ants
  7 gnolls
  5 adders
  3 oozes
  An adder skeleton (D:2)
  4 worms
  3 dart slugs
  3 leopard geckos
  13 orcs
  5 giant cockroaches
  6 goblins
  11 hobgoblins
  5 kobolds
  A quokka (D:4)
  2 ball pythons
  7 bats
  7 frilled lizards
  A leopard gecko skeleton (D:3)
  A quokka skeleton (D:5)
  11 rats
109 creatures vanquished.

Notes
Turn   | Place    | Note
-------+----------+-------------------------------------------
     0 | D:1      | Revguard the Tengu Hunter began the quest for the Orb.
     0 | D:1      | Reached XP level 1. HP: 12/12 MP: 2/2
   172 | D:1      | Reached XP level 2. HP: 12/17 MP: 3/3
   660 | D:2      | Reached skill level 5 in Crossbows
   660 | D:2      | Reached XP level 3. HP: 21/21 MP: 4/4
  1045 | D:2      | Reached XP level 4. HP: 26/26 MP: 5/5
  1082 | D:2      | Reached skill level 1 in Armour
  1404 | D:2      | Reached skill level 1 in Short Blades
  1681 | D:3      | You fall through a shaft!
  1708 | D:4      | Gained mutation: You can fly continuously. [Tengu growth]
  1708 | D:4      | Reached XP level 5. HP: 31/31 MP: 6/6
  1772 | D:4      | Found Exic's Armour Emporium.
  2149 | D:4      | Noticed an ogre
  2152 | D:4      | Killed an ogre
  2152 | D:4      | Reached skill level 6 in Crossbows
  2152 | D:4      | Reached XP level 6. HP: 36/36 MP: 7/7
  2271 | D:4      | Found an iron altar of Okawaru.
  2530 | D:4      | Noticed an ice beast
  2544 | D:4      | Killed an ice beast
  3004 | D:3      | Found a deep blue altar of Sif Muna.
  3041 | D:3      | Found a glowing golden altar of the Shining One.
  3189 | D:3      | Reached XP level 7. HP: 34/41 MP: 8/8
  3345 | D:3      | Found a basalt altar of Yredelemnul.
  4324 | D:5      | Entered Level 5 of the Dungeon
  4509 | D:5      | Found a stormy altar of Qazlal.
  4749 | D:5      | Reached skill level 7 in Crossbows
  4754 | D:5      | Found a runed translucent door.
  4788 | D:5      | Noticed Pyrphoros's ghost (novice TeAE)
  5365 | D:5      | Killed from afar by Pyrphoros's ghost

Skill      XL: |  1  2  3  4  5  6  7 |
---------------+----------------------+-----
Crossbows      | 5 6 7 |  7.3
Armour         | 1 2 |  2.3
Short Blades   | 1 2 |  2.4
Stealth        | 2 3 |  3.9
Dodging        | 3 4 |  4.3
Fighting       | 3 |  3.5

Action                   |  1- 3 |  4- 6 |  7- 9 || total
-------------------------+-------+-------+-------++-------
Melee: Short sword       |    23 |       |       ||    23
       Kick              |     5 |    12 |     8 ||    25
       Peck              |     4 |     7 |     8 ||    19
       Rapier            |     1 |    57 |    25 ||    83
       Dagger            |       |       |     2 ||     2
 Fire: Hand crossbow     |    51 |    87 |    68 ||   206
 Abil: Fly               |       |     1 |       ||     1
       Evoke Berserk Rag |       |       |     1 ||     1
  Use: Potion            |       |     6 |     2 ||     8
       Scroll            |       |     4 |       ||     4
 Stab: Sleeping          |       |     1 |       ||     1
  Eat: Chunk             |       |     3 |     5 ||     8
       Ration            |       |     1 |       ||     1
Armor: Leather armour    |    11 |    18 |     8 ||    37
Dodge: Dodged            |    23 |    53 |    39 ||   115
